 Dungeon Crawl Stone Soup version 0.26-a0-668-gd58323b419 (webtiles) character file.

Game seed: 14512268899408560726

9891 zazu2006 the Covert (level 11, -9/96 HPs)
             Began as a Naga Hedge Wizard on Oct 18, 2020.
             Was an Elder of Vehumet.
             Mangled by a komodo dragon (20 damage)
             ... on level 2 of the Lair of Beasts.
             The game lasted 00:24:08 (14004 turns).

zazu2006 the Covert (Naga Hedge Wizard)            Turns: 14004, Time: 00:24:09

Health: -9/96      AC: 15    Str: 13    XL:     11   Next: 53%
Magic:  9/20       EV: 10    Int: 22    God:    Vehumet [****..]
Gold:   295        SH:  6    Dex: 15    Spells: 5/22 levels left

rFire    . . .     SeeInvis +   t - +7 short sword "Beastbane" {holy, Dex+4}
rCold    . . .     Faith    .   l - +1 buckler {reflect}
rNeg     + . .     Spirit   .   i - +3 ring mail of Renoir {Int+6 Slay+3}
rPois    +         Reflect  +   c - +0 hat
rElec    .         Harm     .   y - +2 ratskin cloak {*Rats rPois rN+ Str-1 Int-1 Dex+1}
rCorr    .         Rampage  .   D - +0 pair of gloves (curse)
MR       ++...                  (no barding)
Stlth    +++.......             (no amulet)
HPRegen  0.26/turn              h - ring of flight
MPRegen  0.17/turn              z - ring of protection from magic

@: very slow
A: large, see invisible, deformed body, poison resistance, slowness 2, spit
poison 1, AC +3
a: Spit Poison, Renounce Religion, Evoke Flight


You were on level 2 of the Lair of Beasts.
You worshipped Vehumet.
Vehumet was greatly pleased with you.
You visited 2 branches of the dungeon, and saw 11 of its levels.

You collected 550 gold pieces.
You spent 255 gold pieces at shops.

Inventory:

Hand Weapons
 t - the +7 short sword "Beastbane" (weapon) {holy, Dex+4}
   (You found it on level 4 of the Dungeon)

   It has been blessed by the Shining One to cause great damage to the undead
   and demons.
   It affects your dexterity (+4).
 u - the +7 spear "Pafyut" {vorpal, +Inv Int+3 Dex-4 Stlth+}
   (You found it on level 5 of the Dungeon)

   It inflicts extra damage upon your enemies.
   It affects your intelligence (+3).
   It affects your dexterity (-4).
   It lets you turn invisible.
   It makes you more stealthy.
Armour
 c - a +0 hat (worn)
 i - the +3 ring mail of Renoir (worn) {Int+6 Slay+3}
   (You found it on level 4 of the Dungeon)

   It affects your intelligence (+6).
   It affects your accuracy and damage with ranged weapons and melee attacks
   (+3).
 l - a +1 buckler of reflection (worn)
 y - the +2 ratskin cloak (worn) {*Rats rPois rN+ Str-1 Int-1 Dex+1}
   (You found it on level 7 of the Dungeon)

   It affects your strength (-1).
   It affects your intelligence (-1).
   It affects your dexterity (+1).
   It protects you from poison.
   It protects you from negative energy.
 D - a cursed +0 pair of gloves (worn)
Jewellery
 h - a ring of flight (left hand)
 z - a ring of protection from magic (right hand)
Wands
 e - a wand of disintegration (3)
 A - a wand of digging (4)
 B - a wand of random effects (23)
Scrolls
 a - 5 scrolls of identify
 b - a scroll of noise
 f - a scroll of acquirement {unknown}
 g - 2 scrolls of immolation
 j - 3 scrolls of enchant weapon {unknown}
 m - 6 scrolls of magic mapping
 o - 6 scrolls of teleportation {unknown}
 p - 2 scrolls of amnesia {unknown}
 q - 10 scrolls of remove curse
 v - 2 scrolls of fear {unknown}
 w - a scroll of random uselessness {unknown}
Potions
 d - 3 potions of flight {unknown}
 k - a potion of resistance
 n - 3 potions of heal wounds {unknown}
 r - 5 potions of curing {unknown}
 s - 4 potions of magic {unknown}
 x - 4 potions of might {unknown}
 C - a potion of lignification {unknown}
 E - a potion of cancellation {unknown}
 F - 2 potions of stabbing {unknown}


   Skills:
 + Level 5.3 Fighting
 + Level 6.7 Short Blades
 + Level 6.2 Armour
 + Level 4.2 Dodging
 + Level 8.5 Stealth
 * Level 4.4 Shields
 + Level 6.0 Spellcasting
 + Level 4.5 Conjurations
   Level 1.0 Summonings
 + Level 1.3 Translocations
 + Level 0.8 Fire Magic
 + Level 3.2 Air Magic
 + Level 1.0 Earth Magic
 + Level 7.4 Poison Magic


You had 5 spell levels left.
You knew the following spells:

 Your Spells              Type           Power        Failure   Level
a - Magic Dart            Conj           ####         1%          1
b - Mephitic Cloud        Conj/Pois/Air  ####....     1%          3
c - Conjure Flame         Conj/Fire      ###.....     4%          3
d - Blink                 Tloc           N/A          16%         2
e - Foxfire               Conj/Fire      ###.         1%          1
f - Stone Arrow           Conj/Erth      ###...       4%          3
g - Hailstorm             Conj/Ice       ###.....     17%         4

Your spell library contained the following spells:

 Spells                   Type           Power        Failure   Level
 Static Discharge         Conj/Air       ###.....     3%          3
 Sandblast                Erth           ##....       3%          1
 Call Imp                 Summ           ##......     17%         2
 Passwall                 Tmut/Erth      #.......     22%         2
 Slow                     Hex            #.......     26%         2
 Sublimation of Blood     Necr           #.........   26%         2
 Lee's Rapid Deconstruct  Erth           ##........   58%         5
 Alistair's Intoxication  Tmut/Pois      ###......    71%         5
 Petrify                  Tmut/Erth      #.......     80%         4
 Borgnjor's Vile Clutch   Necr/Erth      #.........   98%         5


Dungeon Overview and Level Annotations

Branches:
Dungeon (9/15)             Temple (0/1) D:6            Lair (2/6) D:8
  Swamp: Lair:2-4    Shoals: Lair:2-4     Snake: Lair:2-4    Spider: Lair:2-4
    Orc: D:9-12

Altars:
Cheibriados
Fedhas
Gozag
Kikubaaqudgha
Makhleb
Okawaru
Vehumet
Wu Jian

Shops:
D:7 *[!=:   D:8 *

Annotations:
D:6 2 transporters


Innate Abilities, Weirdness & Mutations

You cannot wear boots.
Your serpentine skin is tough. (AC +3)
You have supernaturally acute eyesight. (SInv)
Armour fits poorly on your strangely shaped body.
Your system is resistant to poisons. (rPois)
You cover ground very slowly.
You can spit poison.


Message History

The komodo dragon is heavily wounded.
You puncture the komodo dragon!
The komodo dragon is almost dead.
The komodo dragon bites you.
You barely miss the komodo dragon.
The komodo dragon is almost dead.
The komodo dragon bites you!
You hit the komodo dragon but do no damage.
The komodo dragon is almost dead.
The komodo dragon bites you but does no damage.
You closely miss the komodo dragon.
The komodo dragon is almost dead.
You hit the komodo dragon.
The komodo dragon is almost dead.
The komodo dragon bites you!!
* * * LOW HITPOINT WARNING * * *
You closely miss the komodo dragon.
The komodo dragon is almost dead.
The komodo dragon bites you!!
You die...

,,,,,,,,,,,,,***,,,,,,,,,* #..
,,,,,,.>.,,,,,***,,,,,,,** #..
,,*,,,,.,.,,,** **,,*##.#* ###
***,,,*,..+#*,* *,,**#P..* #
****,,**#...##* ******..#* ##
*,**,,*##.#..# *,#.### #.
,,,,,#.#....@# ### ####..P# #.
*,,,,*#......###r###P.#..#* #.
***,,,#......k).@........#######.
*,,..+l.....#l##.#.............
**,*#.......#########..#.#####.
**,*##......# #.#### ##.
*,,*#.......# #.#,* #..
*,,#P.)....## #..** ##.
**,....#..## ##.* ## *
*,,..##..#,* *** ***.# #.
****,*,,.$.,** *,***,*.#*** *##


You could see a komodo dragon, a rime drake (confused) and a friendly hell rat.

Vanquished Creatures
  A two-headed ogre (D:8)
  Erica (Lair:2)
  Pikel (D:5)
  3 cane toads
  A komodo dragon (Lair:1)
  Prince Ribbit (D:8)
  3 blink frogs (Lair:1)
  9 yaks
  Grum (D:9)
  2 vampire mosquitoes (D:7)
  2 wargs (D:8)
  A water moccasin (Lair:1)
  An ice beast (D:5)
  3 black bears
  2 orc warriors (D:8)
  A phantom (D:7)
  7 ogres
  2 wolves (D:9)
  4 lemures (D:5)
  3 centaurs
  A gnoll sergeant (D:9)
  10 bullfrogs
  A wyvern skeleton (D:6)
  5 scorpions
  5 wights (D:9)
  A vampire bat (D:5)
  4 howler monkeys
  An electric eel (D:8)
  A bullfrog zombie (D:5)
  2 quasits
  A centaur zombie (D:6)
  4 hounds
  A centaur skeleton (D:5)
  A jelly (D:8)
  6 orc priests
  4 orc wizards
  Terence (D:2)
  3 iguanas
  9 worker ants
  A hell rat (D:7)
  A hound zombie (D:5)
  A hound skeleton (D:8)
  4 gnolls (D:9)
  6 river rats (D:7)
  7 adders
  2 white imps
  2 ufetubi
  3 oozes
  An adder zombie (D:5)
  5 worms
  5 dart slugs
  2 leopard geckos
  21 orcs
  6 bat zombies (D:5)
  6 giant cockroaches
  5 hobgoblins
  8 jackals (D:3)
  5 quokkas
  A ball python (D:2)
  11 bats
  3 frilled lizards
  7 goblins
  6 kobolds
  A quokka zombie (D:5)
  26 rats
256 creatures vanquished.

Vanquished Creatures (collateral kills)
  A blink frog (Lair:1)
  A phantom (D:7)
2 creatures vanquished.

Vanquished Creatures (others)
  2 fungi (Lair:2)
  46 plants
48 creatures vanquished.

Grand Total: 306 creatures vanquished

Notes
Turn   | Place    | Note
-------+----------+-------------------------------------------
     0 | D:1      | zazu2006 the Naga Hedge Wizard began the quest for the Orb.
     0 | D:1      | Reached XP level 1. HP: 15/15 MP: 4/4
   213 | D:1      | Reached XP level 2. HP: 22/22 MP: 3/6
   587 | D:1      | Reached XP level 3. HP: 28/28 MP: 1/8
   592 | D:1      | Learned a level 3 spell: Mephitic Cloud
   596 | D:1      | Learned a level 3 spell: Conjure Flame
   599 | D:1      | Learned a level 2 spell: Blink
  1494 | D:2      | Reached XP level 4. HP: 33/36 MP: 2/9
  1560 | D:2      | Reached skill level 1 in Poison Magic
  1613 | D:2      | Noticed Terence
  1626 | D:2      | Killed Terence
  2343 | D:2      | Reached XP level 5. HP: 42/42 MP: 7/11
  2419 | D:2      | Reached skill level 1 in Armour
  3087 | D:3      | Found an iron altar of Okawaru.
  3089 | D:3      | Found a blossoming altar of Fedhas.
  3091 | D:3      | Found a radiant altar of Vehumet.
  3109 | D:3      | Became a worshipper of Vehumet
  3991 | D:3      | Found a burning altar of Makhleb.
  4367 | D:4      | Reached XP level 6. HP: 43/49 MP: 8/12
  4695 | D:4      | Identified the Handbook of Vitriolic Black Rituals
  4767 | D:4      | Got a masterwork ring mail
  4778 | D:4      | Identified the +3 ring mail of Renoir {Int+6 Slay+3} (You
                  | found it on level 4 of the Dungeon)
  4935 | D:4      | Reached skill level 1 in Fighting
  4935 | D:4      | Reached XP level 7. HP: 56/57 MP: 13/13
  4994 | D:4      | Reached skill level 4 in Stealth
  5072 | D:4      | Got a brightly glowing short sword
  5078 | D:4      | Identified the +7 short sword "Beastbane" {holy, Dex+4}
                  | (You found it on level 4 of the Dungeon)
  5267 | D:4      | Reached skill level 1 in Short Blades
  5271 | D:4      | Reached * piety under Vehumet
  5271 | D:4      | Offered knowledge of Freeze by Vehumet.
  5498 | D:5      | Entered Level 5 of the Dungeon
  5860 | D:5      | Reached skill level 1 in Air Magic
  5860 | D:5      | Reached XP level 8. HP: 49/67 MP: 14/14
  6108 | D:5      | Got a faintly glowing spear
  6193 | D:5      | Noticed Pikel
  6220 | D:5      | HP: 1/67 [disintegration (14)]
  6259 | D:5      | Killed Pikel
  6259 | D:5      | Reached skill level 5 in Stealth
  6259 | D:5      | Reached skill level 5 in Poison Magic
  6561 | D:5      | Reached XP level 9. HP: 67/74 MP: 16/16
  6664 | D:5      | Found an ancient bone altar of Kikubaaqudgha.
  6669 | D:5      | Offered knowledge of Foxfire by Vehumet.
  6675 | D:5      | Learned a level 1 spell: Foxfire
  6902 | D:6      | Found a staircase to the Ecumenical Temple.
  6988 | D:6      | Reached ** piety under Vehumet
  7005 | D:6      | Found a snail-covered altar of Cheibriados.
  7083 | D:6      | Identified the +7 spear "Pafyut" {vorpal, +Inv Int+3 Dex-4
                  | Stlth+} (You found it on level 5 of the Dungeon)
  7096 | D:6      | HP: 2/74 [ogre/+0 giant club (17)]
  7459 | D:6      | Found a transporter.
  7467 | D:6      | Found an ornate altar of the Wu Jian Council.
  7567 | D:6      | Found a transporter.
  8592 | D:7      | Reached skill level 6 in Stealth
  8592 | D:7      | Reached skill level 5 in Spellcasting
  8790 | D:7      | Learned a level 3 spell: Stone Arrow
  8903 | D:7      | Found the +2 ratskin cloak {*Rats rPois rN+ Str-1 Int-1
                  | Dex+1}
  9169 | D:7      | Offered knowledge of Dazzling Flash by Vehumet.
  9719 | D:7      | Reached skill level 5 in Armour
  9825 | D:7      | Reached XP level 10. HP: 71/85 MP: 18/18
  9884 | D:7      | Found Couc's General Store.
  9909 | D:7      | Found Vefuevum's Distillery.
  9916 | D:7      | Bought a potion of degeneration for 15 gold pieces
  9991 | D:7      | Found Ijad's Antique Armour Shoppe.
  9999 | D:7      | Bought a glowing buckler for 240 gold pieces
 10034 | D:7      | Found Ose Zipa's Jewellery Emporium.
 10049 | D:7      | Found a blossoming altar of Fedhas.
 10054 | D:7      | Found Wuna's Book Emporium.
 10479 | D:8      | Found Gegitir's Lightly-Used Armoury.
 10541 | D:8      | Reached skill level 1 in Shields
 10547 | D:8      | Reached *** piety under Vehumet
 10548 | D:8      | Noticed Prince Ribbit
 10573 | D:8      | Killed Prince Ribbit
 10580 | D:8      | Reached skill level 5 in Short Blades
 10580 | D:8      | Noticed a two-headed ogre
 10979 | D:8      | Killed a two-headed ogre
 11059 | D:8      | Offered knowledge of Hailstorm by Vehumet.
 11065 | D:8      | Learned a level 4 spell: Hailstorm
 11581 | D:8      | Found an opulent altar of Gozag.
 11834 | D:8      | Found a staircase to the Lair.
 12001 | D:9      | Reached skill level 7 in Stealth
 12366 | D:9      | Reached skill level 1 in Earth Magic
 12374 | D:9      | Reached XP level 11. HP: 88/93 MP: 19/19
 12518 | D:9      | Noticed Grum
 12532 | D:9      | Killed Grum
 13002 | Lair:1   | Entered Level 1 of the Lair of Beasts
 13014 | Lair:1   | Reached skill level 5 in Fighting
 13092 | Lair:1   | Reached **** piety under Vehumet
 13451 | Lair:1   | Offered knowledge of Static Discharge by Vehumet.
 13452 | Lair:1   | Reached skill level 8 in Stealth
 13960 | Lair:2   | Noticed Erica
 13981 | Lair:2   | Killed Erica
 14004 | Lair:2   | Mangled by a komodo dragon

Illustrated notes

Levels and vault maps discovered:
D:1:      nicolae_arrival_washed_ashore, layout_loops_ring
D:2:      layout_basic, roderic_serpentine_path, minivault_4, uniq_terence
D:3:      layout_loops_ring, makhleb_blood_cavern_becter,
          grunt_temple_overflow_open
D:4:      layout_loops_ring, minmay_misc_feat_x
D:5:      layout_cave_pools, kennysheep_vampire_church, uniq_pikel
D:6:      gammafunk_steamed_eel, layout_layer_cave, kennysheep_slug_shrine,
          kennysheep_mini, minmay_temple_entry_proselytizer, roderic_lattice_a
D:7:      wander_guarded_unrand_ratskin, layout_loops_corners, serial_shops,
          shop, shop, nicolae_shop_statue_plus, nicolae_shop_trees, shop_statue,
          basic_altar
D:8:      layout_cave_pools, erik_lair_orcish_takeover, serial_bayou_lagoon_a,
          minmay_shop_damaged, nicolae_gozag_cash_rules_everything_around_me,
          uniq_prince_ribbit1
D:9:      layout_cave_pods, uniq_grum
Lair:1:   layout_chaotic_city, st_stairs_5, minivault_24, grunt_megastairs_2
Lair:2:   layout_roguey, portal_ice_cave_entry_pillars_1, serial_bayou_shore_a,
          lemuel_fruit_fields, infiniplex_staircase_pool, lemuel_fruit_fields,
          uniq_erica

Skill      XL: |  1  2  3  4  5  6  7  8  9 10 11 |
---------------+----------------------------------+-----
Conjurations   | 2 3 4 |  4.5
Poison Magic   | 1 2 3 4 5 7 |  7.4
Spellcasting   | 4 5 6 |  6.0
Armour         | 1 2 3 4 5 6 |  6.2
Dodging        | 2 3 4 |  4.2
Fighting       | 1 2 3 4 5 |  5.3
Stealth        | 4 5 6 7 8 |  8.5
Short Blades   | 1 3 4 5 6 |  6.7
Air Magic      | 1 2 3 |  3.2
Shields        | 3 4 |  4.4
Earth Magic    | 1 |  1.0
Summonings     | |  1.0
Translocations | |  1.3
Fire Magic     | |  0.8

Action                   |  1- 3 |  4- 6 |  7- 9 | 10-12 || total
-------------------------+-------+-------+-------+-------++-------
Melee: Dagger            |     1 |   100 |     8 |       ||   109
       Short sword       |       |       |   280 |   212 ||   492
 Cast: Magic Dart        |    81 |   101 |    16 |     8 ||   206
       Mephitic Cloud    |       |     9 |    16 |    23 ||    48
       Blink             |       |       |     3 |     2 ||     5
       Conjure Flame     |       |       |     2 |     5 ||     7
       Stone Arrow       |       |       |       |    21 ||    21
 Abil: Spit Poison       |    12 |    21 |    14 |     6 ||    53
Evoke: Wand              |       |       |     1 |     2 ||     3
  Use: Scroll            |       |     5 |     2 |     2 ||     9
       Potion            |       |       |     2 |       ||     2
 Stab: Sleeping          |     1 |     2 |     9 |     6 ||    18
       Confused          |       |     5 |     6 |    21 ||    32
Armor: Robe              |     1 |       |       |       ||     1
       Leather armour    |     9 |    17 |       |       ||    26
       Ring mail         |       |     2 |   141 |    92 ||   235
Dodge: Dodged            |     6 |    65 |   129 |    92 ||   292
Block: Buckler           |       |       |       |    18 ||    18

Table legend: (Time is in decaauts)
 A = Elapsed time spent in this place.
 B = Non-inter-level travel time spent in this place.
 C = Inter-level travel time spent in this place.
 D = Time resting spent in this place.
 E = Time spent auto-exploring this place.
 F = Levels seen in this place.
 G = Mean time per level.
                   A        B        C        D        E       F      G
               +--------+--------+--------+--------+--------+-----+--------+
         Total |  16766 |  16277 |    489 |   1946 |  11983 |  11 | 1524.2 |
       Dungeon |  15530 |  15075 |    455 |   1946 |  11008 |   9 | 1725.6 |
          Lair |   1236 |   1202 |     34 |      0 |    974 |   2 |  618.0 |
               +--------+--------+--------+--------+--------+-----+--------+

Top non-repeatable levels by time:
     D:7: 2597 daAuts
     D:6: 2157 daAuts
     D:2: 1829 daAuts
     D:1: 1702 daAuts
     D:4: 1582 daAuts
     D:3: 1511 daAuts
     D:8: 1461 daAuts
     D:5: 1438 daAuts
     D:9: 1250 daAuts
  Lair:1: 1107 daAuts
  Lair:2: 129 daAuts
